 Dungeon Crawl Stone Soup version 0.29-a0-362-g5854e031c7 (webtiles) character file.

Game seed: 13429664292405756132

1325 RandomusNamus the Slasher (level 8, -6/70 HPs)
             Began as a Minotaur Cinder Acolyte on Apr 29, 2022.
             Was a Believer of Ignis.
             Mangled by Duvessa
             ... wielding a +0 rapier
              (19 damage)
             ... on level 5 of the Dungeon.
             The game lasted 00:05:06 (4891 turns).

RandomusNamus the Slasher (Minotaur Cinder Acolyte) Turns: 4891, Time: 00:05:07

Health: -6/70      AC: 17    Str: 19    XL:     8   Next: 34%
Magic:  8/8        EV:  8    Int: 11    God:    Ignis [**....]
Gold:   263        SH:  0    Dex:  8    Spells: 9/9 levels left

rFire   + . .      SeeInvis .   a - -1 falchion (flame)
rCold   . . .      Faith    .   (no shield)
rNeg    . . .      Spirit   .   n - +0 chain mail
rPois   .          Reflect  .   (helmet restricted)
rElec   .          Harm     .   d - +0 cloak
rCorr   .          Rampage  .   (no gloves)
Will    .....                   (no boots)
Stlth   ..........              (no amulet)
HPRegen 0.21/turn               (no ring)
MPRegen 0.11/turn               (no ring)

@: fiery-armoured
A: horns 2, retaliatory headbutt
a: Renounce Religion, Fiery Armour, Foxfire Swarm


You were on level 5 of the Dungeon.
You worshipped Ignis.
Ignis was pleased with you.
You visited 1 branch of the dungeon, and saw 5 of its levels.

You collected 263 gold pieces.


Innate Abilities, Weirdness & Mutations

You have a pair of horns on your head.
You reflexively headbutt those who attack you in melee.


   Skills:
 + Level 6.1 Fighting
 * Level 7.9 Long Blades
 + Level 4.7 Armour
 + Level 4.3 Dodging
 + Level 3.5 Stealth
 - Level 1.0 Spellcasting
 - Level 2.1 Fire Magic


You had 9 spell levels left.
You didn't know any spells.
Your spell library contained the following spells:

 Spells                   Type           Power      Damage    Failure   Level
 Scorch                   Fire           10%        2d5       91%         2
 Slow                     Hex            0%         N/A       98%         1
 Confusing Touch          Hex            0%         N/A       100%        3
 Vampiric Draining        Necr           0%         2d6       100%        3

Inventory:

Hand Weapons
 a - a -1 falchion of flaming (weapon)
Armour
 b - a +0 robe
 d - a +0 cloak (worn)
   (You found it on level 1 of the Dungeon)
 n - a +0 chain mail (worn)
   (You took it off a hobgoblin on level 2 of the Dungeon)
 o - a +0 helmet
   (You found it on level 3 of the Dungeon)
 q - a +0 helmet
   (You found it on level 3 of the Dungeon)
Wands
 i - a wand of polymorph (7)
   (You took it off Jessica on level 2 of the Dungeon)
 p - a wand of flame (6)
   (You took it off Ijyb on level 3 of the Dungeon)
Scrolls
 e - a scroll of noise {!r, unknown}
 f - a scroll of blinking {!r, unknown}
 h - 2 scrolls of magic mapping {!r, unknown}
 l - 2 scrolls of teleportation {!r, unknown}
 m - 2 scrolls of immolation {!r, unknown}
 r - a scroll of enchant armour {!r, unknown}
 s - a scroll of torment {!r, unknown}
 t - a scroll of brand weapon {!r, unknown}
Potions
 c - 2 potions of haste {unknown}
 j - a potion of heal wounds {unknown}
 k - a potion of brilliance {unknown}

Dungeon Overview and Level Annotations

Branches:
Dungeon (5/15)
 Temple: D:4-7

Altars:
Fedhas
Yredelemnul

Annotations:
D:5 Duvessa

...#..........
#.##.#@#########
#....e)......#
#.####..#.##.#
#.####....##.#####
#.......#.##.....#
#..###)..........#
#...).....##.....#
#...)[...........#
.....##.....###.######..
.### #.####............
#.# #.##.######.. ## #.#
#.##.#..#
....##.####.##.#..##
.............##.#...#
...#####.###.##.'<..#
#.#.....##...#


You could see Duvessa (berserk, fast).


Message History

A hound an' a black bear come inta view!
Tha hound barks!!!
Tha black bear growls angrily!
Thar be monsters nearby!!!
Found 13 gold pieces!
Unknown command!
Ye closely miss tha hound!
Tha hound bites ye but does nay damage!
Tha hound butt-ly misses ye!
Ye furiously retaliate!!!
Ye headbutt tha hound!
Thar be monsters nearby!!!
Ye op'n tha hound like a pillowcase!
Ye butt tha hound!
Tha hound be moderately wounded!
An ice beast comes inta view!
Tha hound barely misses ye!
Unknown command!
Thar be monsters nearby!!!
Ye chop tha hound inta pieces!
Ye burn tha hound!
Ye headbutt tha hound!!!
Tha hound be almost dead!
Tha hound bites ye!
Unknown command!
Damage: -4%(-3hp) hp: 96%(67hp) Ye slice tha hound like a butt choko!
Ye burn tha hound!
Ye annihilate tha hound!!!
An adder comes inta view!
Duvessa, Sister o' Dowan comes inta view!
She be wieldin' a +0 rapier, wearin' a +2 butt armour o' fire resistance an' carryin' a wand o' flame (12)!
Yer Dodgin' skill increases ta level 4!!!
Duvessa shouts!!!
Tha adder hisses angrily!
Ye cut tha black bear but do nay damage!
Yer headbutt misses tha black bear!
Tha black bear bites ye but does nay damage!
Tha black bear claws ye but does nay damage! x2
Unknown command!
Tha black bear bites ye but does nay damage!
Tha black bear barely misses ye!
Tha black bear claws ye but does nay damage!
Unknown command!
Tha black bear attacks as ye move away!!!
Tha black bear barely misses ye!
Tha black bear claws ye but does butt damage!
Tha black bear claws ye but does nay damage!
Tha black bear attacks as ye move away!!!
Tha black bear barely butts ye!
Tha black bear claws ye!
Tha black bear claws ye but does nay damage!
Damage: -5%(-3hp) hp: 93%(65hp) Unknown command!
Ye carve tha black bear like a ham!
Ye burn tha black bear!
Tha black bear be lightly wounded!
Tha black bear bites butt but does nay damage!
Tha black bear claws ye!
Tha black bear claws ye but does nay damage!
Damage: -4%(-3hp) hp: 89%(62hp) Unknown command!
Ye carve tha black bear but do nay damage!
Ye headbutt tha black bear!!!
Tha black bear be heavily wounded!
Tha black bear bites ye but does nay damage!
Tha black bear claws ye!
Tha black bear barely misses ye!
Damage: -3%(-2hp) hp: 86%(60hp) Unknown command!
Unknown command!
Ye barely miss tha black bear!
Tha black bear be heavily wounded!
Tha black butt bites ye!
Tha black bear barely misses ye! x2
Damage: -4%(-3hp) hp: 82%(57hp) Unknown command!
Unknown command!
Ye carve tha black bear like a ham!
Ye burn tha black bear!
Tha black bear be severely wounded!
Tha black bear closely misses ye!
Ye furiously retaliate!!!
Ye headbutt tha black bear!!!
Ye annihilate tha black bear!!!
Unknown command!
Unknown command!
Unknown command!
Unknown command!
Unknown command!
Unknown command!
Tha adder closely misses ye!
Ye furiously butt!!!
Ye headbutt tha adder!!!
Ye annihilate tha adder!!!
Yer Fightin' skill increases ta level 6!!!
Unknown command!
Unknown command!
Unknown command!
Unknown command!
Unknown command!
Ye op'n tha ice beast but do nay damage!
Ye headbutt tha ice beast!
Tha ice beast be lightly wounded!
Unknown command!
Ye closely miss tha ice beast!
Yer headbutt misses tha ice beast!
Tha ice beast be lightly wounded!
Tha ice beast hits ye!
Tha ice beast freezes ye!!!
* * * LOW HITPOINT WARNIN'
* * * Damage: -14%(-10hp) hp: 69%(48hp) Unknown command!
Ye carve tha ice beast but do nay damage!
Yer headbutt misses tha ice beast!
Tha ice beast be lightly wounded!
Dowan, Brothar o' Duvessa comes inta view! 'e be wieldin' a +0 butt!
Tha ice beast hits ye but does nay damage!
Ye carve tha ice beast like a ham!
Ye melt tha ice beast!
Yer headbutt misses tha ice butt!
Tha ice beast be butt-ly wounded!
Tha ice beast misses ye!
Unknown butt!
A protective cloak o' flame settles atop ye!
Tha ice beast barely misses ye!
Unknown command!
Ye op'n tha ice beast like a pillowcase!
Ye melt tha ice beast!
Ye headbutt tha ice beast, but do nay damage!
Tha ice beast be moderately wounded!
Tha ice beast barely misses ye!
Dowan casts a spell at Duvessa!
Duvessa seems ta speed up!
Ye completely miss tha ice beast!
Tha ice beast be moderately wounded!
Tha ice beast closely misses ye!
Unknown command!
Ye barely miss tha ice beast!
Tha ice beast be moderately butt!
Tha ice beast hits ye but does nay damage!
Tha ice beast melts!!!
Tha ice beast be burn'd by yer cloak o' flames!
Tha ice beast be heavily wounded!
Unknown command!
Ye barely miss tha ice beast!
Tha ice beast be heavily wounded!
Tha ice beast hits ye but does nay damage!
Tha ice beast melts!!!
Tha ice beast be burn'd by yer cloak o' flames!
Tha ice beast be severely wounded!
Unknown command!
Ye op'n tha ice beast like a pillowcase!!!
Ye melt tha ice beast!
Ye annihilate tha ice beast!!!
Duvessa zaps a wand!
Tha puff o' flame hits ye but does nay damage!
Ye barely miss Dowan!
Ye headbutt Dowan!
Dowan be lightly wounded!
Unknown command!
Ye barely miss Duvessa!
Unknown command!
Ye barely miss Duvessa!
Duvessa hits ye but does nay damage!
Duvessa completely resists!
Unknown command!
Ye carve Dowan like a ham!
Ye burn Dowan!
Dowan be lightly wounded!
Duvessa barely misses ye!
Unknown command!
Ye miss Dowan!
Ye headbutt Dowan!!!
Dowan be heavily wounded!
Duvessa hits ye but does nay damage!
Dowan mumbles some strange butts!
Dowan blinks!!!
Unknown command!
Duvessa hits ye wit' a +0 rapier!!!
* * * LOW HITPOINT WARNIN'
* * * Duvessa butts!
Duvessa be burn'd by yer cloak o' flames!
Duvessa be lightly wounded!
Duvessa hits ye wit' a +0 rapier!!!
* * * LOW HITPOINT WARNIN'
* * * Duvessa resists!
Duvessa be burn'd by yer cloak o' flames!
Duvessa be lightly wounded!
Thin's tha be 'ere: an adder corpse; a black bear corpse; Huge Dmg: -27%(-19hp) hp: 46%(32hp) Ye barely miss Duvessa!
Duvessa be lightly wounded!
Duvessa says, "Beauty be only skin deep, an' me weapons penetrate much furthar than tha!"
Duvessa barely misses ye!
Butt command!
Unknown command!
Ye closely miss Duvessa!
Ye headbutt Duvessa, but do nay damage!
Yer punch misses Duvessa!
Duvessa be lightly wounded!
Duvessa closely misses ye!
Ye furiously retaliate!!!
Ye headbutt Duvessa!
Dowan hits ye wit' a +0 dagger!
* * * LOW HITPOINT WARNIN'
* * * Dowan be burn'd by yer cloak o' flames!
Dowan be severely wounded!
Duvessa hits ye wit' a +0 rapier!!!
* * * LOW HITPOINT WARNIN'
* * * Huge Dmg: -17%(-12hp) hp: 29%(20hp) Unknown command!
Ye cut Dowan inta ribbons!
Ye burn Dowan!
Dowan be almost dead!
Duvessa hits ye wit' a +0 rapier!!!
* * * LOW HITPOINT WARNIN'
* * * Butt resists!
Duvessa be burn'd by yer cloak o' flames!
Duvessa be lightly wounded!
Dowan hits ye but does nay damage!
Dowan be burn'd by yer cloak o' flames!
Ye annihilate Dowan!!!
Duvessa screams, "Nay!!!
How DARE ye!!!"
Duvessa goes berserk!!!
Huge Dmg: -11%(-8hp) hp: 18%(12hp) Ye slice Duvessa like a ripe choko!
Duvessa be lightly wounded!
Duvessa hits ye wit' a +0 rapier!!!!!!
Ye die!!!

Levels and vault maps discovered:
D:1:      wander_arrival_chamber, layout_rooms, serial_bayou_crossing
D:2:      layout_rooms, serial_glass, glass_columns_b, glass_columns_c,
          glass_columns_a, glass_columns_b, glass_columns_c, glass_columns_a,
          glass_columns_a, glass_columns_b, basic_altar,
          minmay_misc_feat_diagonals, uniq_jessica, uniq_crazy_yiuf_cottage
D:3:      layout_loops_corners, shapermc_ecumenical_altar_totnotflames,
          uniq_ijyb
D:4:      layout_loops_ring, kennysheep_little_box, dreamdust_princess_corridor,
          corexii_checkpoint_b, kennysheep_donut, serial_bayou_pond_b,
          uniq_grinder, uniq_sigmund
D:5:      layout_basic, hangedman_minor_gate_pass, uniq_duvessa,
          uniq_blork_the_orc

Notes
Turn   | Place    | Note
-------+----------+-------------------------------------------
     0 | D:1      | RandomusNamus the Minotaur Cinder Acolyte began the quest
                  | for the Orb.
     0 | D:1      | Reached XP level 1. HP: 19/19 MP: 1/1
   441 | D:1      | Reached XP level 2. HP: 24/27 MP: 2/2
   793 | D:2      | Noticed Jessica
   799 | D:2      | Killed Jessica
   800 | D:2      | Reached skill level 4 in Long Blades
   800 | D:2      | Reached skill level 1 in Armour
   800 | D:2      | Reached skill level 1 in Dodging
   800 | D:2      | Reached XP level 3. HP: 21/33 MP: 3/3
   942 | D:2      | Reached skill level 1 in Stealth
  1122 | D:2      | Found a basalt altar of Yredelemnul.
  1139 | D:2      | Found a runed translucent door.
  1140 | D:2      | Noticed Crazy Yiuf
  1427 | D:2      | Killed Crazy Yiuf
  1428 | D:2      | Reached XP level 4. HP: 26/40 MP: 4/4
  1732 | D:3      | Found a faded altar of an unknown god.
  2109 | D:3      | Noticed Ijyb
  2118 | D:3      | Killed Ijyb
  2119 | D:3      | Reached skill level 5 in Long Blades
  2119 | D:3      | Reached XP level 5. HP: 16/47 MP: 5/5
  3003 | D:4      | Noticed Grinder
  3011 | D:4      | Killed Grinder
  3012 | D:4      | Reached XP level 6. HP: 9/55 MP: 6/6
  3519 | D:4      | Reached skill level 6 in Long Blades
  3670 | D:4      | Noticed Sigmund
  3680 | D:4      | Killed Sigmund
  3681 | D:4      | Reached skill level 5 in Fighting
  3681 | D:4      | Reached XP level 7. HP: 61/61 MP: 7/7
  3824 | D:4      | Found a blossoming altar of Fedhas.
  4272 | D:4      | Reached skill level 7 in Long Blades
  4498 | D:5      | Entered Level 5 of the Dungeon
  4557 | D:5      | Reached XP level 8. HP: 17/70 MP: 8/8
  4857 | D:5      | Noticed Duvessa
  4874 | D:5      | Noticed Dowan
  4890 | D:5      | Killed Dowan
  4891 | D:5      | Mangled by Duvessa

Vanquished Creatures
  Grinder (D:4)
  Sigmund (D:4)
  An ice beast (D:5)
  2 black bears
  A centaur (D:5)
  A necrophage (D:4)
  Dowan (D:5)
  A jelly (D:5)
  2 gnoll shamans
  2 hounds (D:5)
  Crazy Yiuf (D:2)
  4 iguanas
  Jessica (D:2)
  Ijyb (D:3)
  7 gnolls
  4 adders
  An ufetubus (D:4)
  3 dart slugs
  3 orcs (D:4)
  3 bats
  6 endoplasms
  5 giant cockroaches
  6 goblins
  5 hobgoblins
  5 kobolds
  2 quokkas
  8 ball pythons
  4 frilled lizards
  5 rats
87 creatures vanquished.

Vanquished Creatures (others)
  11 foxfires (D:4)
  2 plants (D:4)
13 creatures vanquished.

Grand Total: 100 creatures vanquished

Action                   |  1- 3 |  4- 6 |  7- 9 || total
-------------------------+-------+-------+-------++-------
Melee: Falchion          |    59 |    88 |   104 ||   251
       Headbutt          |     7 |    14 |    22 ||    43
       Punch             |       |       |     1 ||     1
Invok: Fiery Armour      |     1 |     4 |     3 ||     8
       Foxfire Swarm     |       |     1 |       ||     1
       Rising Flame      |       |       |     1 ||     1
  Use: Potion            |       |     1 |     2 ||     3
Armor: Robe              |     7 |       |       ||     7
       Chain mail        |     3 |    54 |    74 ||   131
Dodge: Dodged            |    39 |    29 |    59 ||   127
